 Dungeon Crawl Stone Soup version 0.28.0-43-g3370ac3207 (webtiles) character file.

Game seed: 8068058753431319676

784 pkoi the Gusty (level 7, -2/40 HPs)
             Began as a Deep Elf Air Elementalist on Mar 29, 2022.
             Slain by an ice beast (14 damage)
             ... on level 6 of the Dungeon.
             The game lasted 00:08:23 (6131 turns).

pkoi the Gusty (Deep Elf Air Elementalist)          Turns: 6131, Time: 00:08:23

Health: -2/40      AC:  3    Str:  5    XL:     7   Next: 55%
Magic:  3/15       EV: 14    Int: 22    God:
Gold:   287        SH:  0    Dex: 15    Spells: 4/14 levels left

rFire   . . .      SeeInvis .   j - +6 dagger (drain)
rCold   . . .      Faith    .   (no shield)
rNeg    . . .      Spirit   .   a - +1 robe
rPois   .          Reflect  .   (no helmet)
rElec   .          Harm     .   (no cloak)
rCorr   .          Rampage  .   (no gloves)
Will    .....                   (no boots)
Stlth   ++........              (no amulet)
HPRegen 0.13/turn               (no ring)
MPRegen 0.14/turn               (no ring)

@: very slightly contaminated
A: no striking features
a: no special abilities


You were on level 6 of the Dungeon.
You visited 1 branch of the dungeon, and saw 6 of its levels.
You also visited: Sewer.

You collected 287 gold pieces.

Inventory:

Hand Weapons
 c - a +0 short sword
 h - a +1 short sword of draining
 j - a +6 dagger of draining (weapon)
 k - a +0 dagger of venom
 s - a +0 vorpal great mace
Armour
 a - a +1 robe (worn)
 t - an orb of energy
Jewellery
 o - a ring of protection from fire
Wands
 n - a wand of polymorph (8)
Scrolls
 d - a scroll of magic mapping
 r - 2 scrolls of teleportation {unknown}
 u - a scroll of amnesia {unknown}
Potions
 b - a potion of haste {unknown}
 e - a potion of invisibility {unknown}
 f - 3 potions of heal wounds {unknown}
 g - a potion of might {unknown}
 i - a potion of lignification {unknown}
 l - a potion of curing {unknown}
 m - a potion of mutation {unknown}
 p - 2 potions of berserk rage
 q - 2 potions of degeneration {unknown}


   Skills:
 + Level 2.6 Fighting
 + Level 4.8 Dodging
 - Level 2.4 Stealth
 - Level 4.0 Spellcasting
 - Level 1.1 Conjurations
 * Level 7.0 Air Magic
 + Level 1.3 Evocations


You had 4 spell levels left.
You knew the following spells:

 Your Spells              Type           Power      Damage    Failure   Level
a - Shock                 Conj/Air       88%        1d8       1%          1
b - Static Discharge      Conj/Air       22%        N/A       3%          2
c - Swiftness             Air            35%        N/A       1%          3
d - Airstrike             Air            17%        N/A       6%          4

Your spell library contained the following spells:

 Spells                   Type           Power      Damage    Failure   Level
 Freeze                   Ice            16%        1d4       11%         1
 Frozen Ramparts          Ice            8%         1d2       32%         3
 Hailstorm                Conj/Ice       6%         3d4       65%         4


Dungeon Overview and Level Annotations

Branches:
Dungeon (6/15)             Temple (0/1) D:5           Sewer (visited)

Altars:

Annotations:
D:4 Edmund


Message History

The ice beast misses you.
Aiming: Shock (safe; 1% risk of failure)
Press: ? - help, Q - select action, (/) - cycle Shift-Dir - straight line, p - ice beast The zap hits the ice beast.
The ice beast is lightly wounded.
The zap hits the ice beast.
The ice beast is moderately wounded.
The ice beast barely misses you.
Aiming: Shock (safe; 1% risk of failure)
Press: ? - help, Q - select action, (/) - cycle Shift-Dir - straight line The zap hits the ice beast but does no damage.
The ice beast is moderately wounded.
The zap hits the ice beast.
The ice beast is moderately wounded.
The ice beast hits you. The ice beast freezes you!
* * * LOW HITPOINT WARNING * * *
Aiming: Shock (safe; 1% risk of failure)
Press: ? - help, Q - select action, (/) - cycle Shift-Dir - straight line The zap hits the ice beast!
The ice beast is heavily wounded.
The zap hits the ice beast.
The ice beast is severely wounded.
The ice beast barely misses you.
Aiming: Shock (safe; 1% risk of failure)
Press: ? - help, Q - select action, (/) - cycle Shift-Dir - straight line You miscast Shock.
You are very lightly contaminated with residual magic.
Nothing appears to happen.
The ice beast hits you.
* * * LOW HITPOINT WARNING * * *
The ice beast freezes you!
* * * LOW HITPOINT WARNING * * *
Aiming: Shock (safe; 1% risk of failure)
Press: ? - help, Q - select action, (/) - cycle Shift-Dir - straight line The zap misses the ice beast.
The zap hits the ice beast!
The ice beast is almost dead.
The ice beast hits you.
* * * LOW HITPOINT WARNING * * *
The ice beast freezes you!
You die...

.........## ##
.......... #.#+#
.........# ##...###
.........# +......#
.........# ##......#
........Y# #.......#
....§§...# #.......+
≈≈§§≈....####.......#
≈###§§.....@##......#
#≈....##.Y'......#
#≈.[..######...#####
§≈≈§....# #.#'#...#+#
#########
###.......####
#...........#.
###.........##.
#.'.........+..
#.##.......##..


You could see an ice beast.

Vanquished Creatures
  Pargi (Sewer)
  An ice beast (D:6)
  2 ogres (D:4)
  A centaur (D:6)
  A bullfrog zombie (D:6)
  A hound (D:4)
  2 orc priests (D:5)
  An orc wizard (D:5)
  A howler monkey zombie (D:5)
  6 adders
  A white imp (D:6)
  2 dart slugs
  4 worms
  19 orcs
  8 ball pythons
  12 bats
  10 endoplasms
  6 giant cockroaches
  7 goblins
  3 hobgoblins
  6 kobolds
  4 quokkas
  3 frilled lizards
  11 rats
113 creatures vanquished.

Vanquished Creatures (others)
  A plant (D:1)
1 creature vanquished.

Grand Total: 114 creatures vanquished

Notes
Turn   | Place    | Note
-------+----------+-------------------------------------------
     0 | D:1      | pkoi the Deep Elf Air Elementalist began the quest for the
                  | Orb.
     0 | D:1      | Reached XP level 1. HP: 10/10 MP: 6/6
   251 | D:1      | Reached XP level 2. HP: 15/15 MP: 4/8
   254 | D:1      | Learned a level 2 spell: Static Discharge
   404 | D:1      | Found a faded altar of an unknown god.
   693 | D:1      | Reached skill level 4 in Air Magic
   816 | D:1      | Reached XP level 3. HP: 19/19 MP: 6/9
  1064 | D:2      | Learned a level 3 spell: Swiftness
  2007 | D:2      | Reached XP level 4. HP: 24/24 MP: 3/11
  2306 | D:2      | Learned a level 4 spell: Airstrike
  3429 | D:3      | Reached skill level 5 in Air Magic
  3786 | D:4      | Reached XP level 5. HP: 28/28 MP: 9/13
  3850 | D:4      | Noticed Edmund
  3943 | D:4      | Noticed an ogre
  3950 | D:4      | Killed an ogre
  3951 | D:4      | Reached skill level 1 in Fighting
  4667 | D:4      | Reached XP level 6. HP: 34/34 MP: 11/14
  4774 | D:4      | Reached skill level 6 in Air Magic
  4881 | D:5      | Entered Level 5 of the Dungeon
  4934 | D:5      | Found a glowing drain.
  5033 | Sewer    | Entered a sewer
  5209 | Sewer    | Noticed Pargi
  5223 | Sewer    | Killed Pargi
  5406 | D:5      | Reached XP level 7. HP: 2/40 MP: 4/15
  5906 | D:5      | Found a staircase to the Ecumenical Temple.
  6120 | D:6      | Reached skill level 7 in Air Magic
  6120 | D:6      | Reached skill level 1 in Evocations
  6131 | D:6      | Slain by an ice beast

Illustrated notes

Levels and vault maps discovered:
D:1:      denvon_arrival_planthouse, layout_loops_ring, basic_ecumenical_altar,
          st_stairs_10
D:2:      layout_basic, corexii_item_surrounded_by_moat, glass_columns_a
D:3:      layout_basic
D:4:      layout_layer_cave, columned_hall_lemuel, kennysheep_generic_room_2,
          uniq_edmund
D:5:      layout_loops_ring, lemuel_tele_altar,
          minmay_temple_entry_from_below_a, portal_sewer_entry_a
D:6:      nicolae_cairo_tiling_very_big, layout_basic, serial_shops,
          kennysheep_mini_moat, ebering_ghost_inner_flame, uniq_maggie

Skill      XL: |  1  2  3  4  5  6  7 |
---------------+----------------------+-----
Air Magic      | 4 5 6 7 |  7.0
Spellcasting   | 4 |  4.0
Fighting       | 1 2 |  2.6
Dodging        | 3 4 |  4.8
Evocations     | 1 |  1.3
Stealth        | |  2.4
Conjurations   | |  1.1

Action                   |  1- 3 |  4- 6 |  7- 9 || total
-------------------------+-------+-------+-------++-------
Melee: Short sword       |     7 |       |       ||     7
       Dagger            |       |     7 |     4 ||    11
 Cast: Shock             |    89 |   138 |    33 ||   260
       Swiftness         |       |     1 |       ||     1
  Use: Scroll            |       |     5 |       ||     5
Armor: Robe              |     4 |    10 |     7 ||    21
Dodge: Dodged            |     9 |    31 |    25 ||    65
